 Dungeon Crawl Stone Soup version 0.27-a0-906-g0a00ce863d (webtiles) character file.

Game seed: 4454862173516416186

92 mhtbhm the Cudgeller (level 4, 0/43 HPs)
             Began as a Gargoyle Berserker on Apr 7, 2021.
             Was a Believer of Trog.
             Slain by an endoplasm (1 damage)
             ... on level 3 of the Dungeon.
             The game lasted 00:02:22 (2313 turns).

mhtbhm the Cudgeller (Gargoyle Berserker)           Turns: 2313, Time: 00:02:23

Health: 0/43       AC: 22    Str: 21    XL:     4   Next: 60%
Magic:  0/4        EV:  2    Int:  8    God:    Trog [**....]
Gold:   92         SH:  0    Dex: 15    Spells: 3/3 levels left

rFire    . . .     SeeInvis .   a - +0 mace
rCold    . . .     Faith    .   (no shield)
rNeg     + + +     Spirit   +   (armour currently unavailable)
rPois    ∞         Reflect  .   (helmet currently unavailable)
rElec    .         Harm     .   (cloak currently unavailable)
rCorr    .         Rampage  .   (gloves currently unavailable)
Will     .....     NoTele   +   (boots currently unavailable)
Stlth    ++........             d - amulet of guardian spirit
HPRegen  0.14/turn              f - +6 ring of dexterity
MPRegen  0.09/turn              (no ring)

@: tree-form, on berserk cooldown, slowed, very slow
A: stationary, stasis, torment immunity, boosted hp, AC +3, negative energy
resistance 1, (electricity resistance), torment resistance 1, (unbreathing 1),
petrification resistance
a: Renounce Religion, Berserk, Trog's Hand


You were on level 3 of the Dungeon.
You worshipped Trog.
Trog was pleased with you.
You were a tree.
You visited 1 branch of the dungeon, and saw 3 of its levels.

You collected 92 gold pieces.

Inventory:

Hand Weapons
 a - a +0 mace (weapon)
Missiles
 k - 3 javelins (quivered)
Armour
 b - a +0 leather armour (melded)
Jewellery
 d - an amulet of guardian spirit (around neck)
 f - a +6 ring of dexterity (left branch)
Scrolls
 e - a scroll of identify {unknown}
 g - a scroll of enchant weapon {unknown}
 h - a scroll of silence {unknown}
Potions
 i - a potion of berserk rage {unknown}
 j - a potion of brilliance {unknown}
 l - a potion of curing {unknown}
 m - a potion of degeneration {unknown}


   Skills:
 + Level 3.9 Fighting
 + Level 4.2 Maces & Flails
 + Level 2.4 Armour
 + Level 2.0 Dodging
 + Level 1.0 Stealth


You had 3 spell levels left.
You didn't know any spells.
Your spell library was empty.

Dungeon Overview and Level Annotations

Branches:
Dungeon (3/15)

Altars:


Innate Abilities, Weirdness & Mutations

You are a tree.
Your roots penetrate the ground, keeping you stationary.
You cannot be teleported.
You are immune to unholy pain and torment.
Your maximum health is greatly increased.
Your equipment is partially melded.
((Your stone body is resilient. (AC +3)))
You are immune to poison.
You resist negative energy. (rN+)
((You are resistant to electric shocks. (rElec)))
You are resistant to unholy torment.
((You can survive without breathing.))
You are immune to petrification.


Message History

The quokka bites you but does no damage.
You barely miss something. The endoplasm barely misses you.
The quokka bites you. Something hits you but does no damage.
Unknown command.
You closely miss something.
You are no longer berserk.
You are exhausted.
You feel yourself slow down. The endoplasm freezes you.
You are frozen.
The quokka misses you. Something hits you but does no damage.
You barely miss something. The quokka misses you. The endoplasm misses you.
Something barely misses you. The quokka closely misses you.
The endoplasm freezes you.
You are frozen.
You hit something.
You hear some strange, mumbled words.
A magic dart appears from out of thin air!
The magic dart hits you!
* * * LOW HITPOINT WARNING * * *
The quokka bites you.
* * * LOW HITPOINT WARNING * * *
The endoplasm hits you but does no damage.
Something hits you but does no damage. The quokka closely misses you.
It was a potion of lignification.
You turn into a tree.
Your +0 leather armour melds into your body.
Your roots penetrate the ground.
The endoplasm hits you but does no damage.
The quokka bites you but does no damage.
Something hits you but does no damage. The endoplasm barely misses you.
The quokka bites you but does no damage.
Something hits you but does no damage.
Unknown command.
You barely miss something.
The quokka bites you but does no damage.
The endoplasm hits you but does no damage.
Something hits you.
* * * LOW HITPOINT WARNING * * *
The quokka bites you but does no damage.
The endoplasm hits you.
You die...

#..#.#..
#....#. #
#.#.... #.
.....#
##.##....#
.........##.#
#.#..r{)...##
##..#$J♣##...##
..............#
.......<....#..
.........##.#
.........# .#
#######.## #
#.# #?# #.#


You could see an endoplasm and a quokka.

Vanquished Creatures
  3 adders (D:2)
  A worm (D:2)
  A dart slug (D:1)
  4 orcs (D:3)
  4 bats
  5 endoplasms
  3 giant cockroaches (D:1)
  6 goblins
  6 hobgoblins
  2 jackals (D:2)
  4 quokkas
  3 ball pythons
  A frilled lizard (D:1)
  4 kobolds
  4 rats
51 creatures vanquished.

Notes
Turn   | Place    | Note
-------+----------+-------------------------------------------
     0 | D:1      | mhtbhm the Gargoyle Berserker began the quest for the Orb.
     0 | D:1      | Reached XP level 1. HP: 14/14 MP: 1/1
   111 | D:1      | Reached XP level 2. HP: 12/19 MP: 2/2
   925 | D:1      | Reached XP level 3. HP: 17/24 MP: 3/3
  1772 | D:2      | Reached ** piety under Trog
  1808 | D:2      | Reached skill level 1 in Stealth
  1808 | D:2      | Reached XP level 4. HP: 29/29 MP: 4/4
  1852 | D:2      | Reached skill level 4 in Maces & Flails
  2311 | D:3      | HP: 1/29 [quokka (2)]
  2313 | D:3      | Slain by an endoplasm

Illustrated notes

Levels and vault maps discovered:
D:1:      minmay_arrival_glassed_features, layout_basic, serial_rivers,
          chequers_serial_rivers_large_a, chequers_serial_rivers_marsh,
          chequers_serial_rivers_large_b, chequers_serial_rivers_marsh,
          chequers_serial_rivers_micro_e, dk_noncrumbling_4,
          minmay_misc_feat_enclosed, serial_bayou_pond_a, chequers_garden
D:2:      layout_rooms, minmay_diced_spiral
D:3:      layout_rooms, marbit_many_paths, ebering_ecumenical_altar_webs,
          uniq_robin, uniq_grinder

Skill      XL: |  1  2  3  4 |
---------------+-------------+-----
Dodging        | 2 |  2.0
Stealth        | 1 |  1.0
Maces & Flails | 4 |  4.2
Fighting       | |  3.9
Armour         | |  2.4

Action                   |  1- 3 |  4- 6 || total
-------------------------+-------+-------++-------
Melee: Mace              |   100 |    51 ||   151
Invok: Berserk           |     1 |     1 ||     2
  Use: Potion            |       |     1 ||     1
 Stab: Sleeping          |     2 |       ||     2
Armor: Animal skin       |    22 |       ||    22
       Leather armour    |    13 |    23 ||    36
       Skin              |       |     8 ||     8
Dodge: Dodged            |    69 |    42 ||   111

Table legend: (Time is in decaauts)
 A = Elapsed time spent in this place.
 B = Non-inter-level travel time spent in this place.
 C = Inter-level travel time spent in this place.
 D = Time resting spent in this place.
 E = Time spent auto-exploring this place.
 F = Levels seen in this place.
 G = Mean time per level.
                   A        B        C        D        E       F      G
               +--------+--------+--------+--------+--------+-----+--------+
         Total |   2391 |   2391 |      0 |    163 |   1785 |   3 |  797.0 |
       Dungeon |   2391 |   2391 |      0 |    163 |   1785 |   3 |  797.0 |
               +--------+--------+--------+--------+--------+-----+--------+

Top non-repeatable levels by time:
     D:1: 1458 daAuts
     D:2: 914 daAuts
     D:3: 19 daAuts
